 Dungeon Crawl Stone Soup version 0.22.0-36-g8e74550 (webtiles) character file.

16402 iamserjio the Grappler (level 12, -3/111 HPs)
             Began as a Troll Fighter on Aug 24, 2018.
             Was a High Priest of Cheibriados.
             Slain by an orc knight
             ... wielding a +3 great sword of draining
              (6 damage)
             ... on level 2 of the Orcish Mines.
             The game lasted 00:27:16 (3591 turns).

iamserjio the Grappler (Troll Fighter)              Turns: 3591, Time: 00:27:17

Health: -3/111     AC: 10    Str: 41    XL:     12   Next: 9%
Magic:  13/16      EV:  9    Int: 22    God:    Cheibriados [*****.]
Gold:   862        SH: 13    Dex: 23    Spells: 11/11 levels left

rFire    + . .     SeeInvis .     - Unarmed
rCold    x . .     Gourm    +   m - +0 shield {reflect}
rNeg     . . .     Faith    .   c - +0 troll leather armour
rPois    +         Spirit   .   (helmet restricted)
rElec    .         Reflect  +   k - +2 cloak
rCorr    .         Harm     .   (gloves unavailable)
MR       .....                  (boots unavailable)
Stlth    ++........             p - amulet of magic regeneration
HPRegen  1.08/turn              n - ring of poison resistance
MPRegen  0.40/turn              o - ring of fire

@: lethally poisoned (-3 -> -3), about to teleport, heavily drained, very slow
A: large, unfitting armour, claws 3, fast metabolism 3, gourmand, regeneration
1, shaggy fur 1, tough skin 2
a: Bend Time, Temporal Distortion, Slouch, Step From Time, Renounce Religion


You were on level 2 of the Orcish Mines.
You worshipped Cheibriados.
Cheibriados was extremely pleased with you.
You were full.

You visited 2 branches of the dungeon, and saw 12 of its levels.

You collected 1118 gold pieces.
You spent 256 gold pieces at shops.

Inventory:

Hand Weapons
 e - a cursed -3 trident
 w - a +0 morningstar
Missiles
 C - 11 tomahawks (quivered)
 F - 4 exploding large rocks
Armour
 a - a +0 robe
 b - a +0 shield
 c - a +0 troll leather armour (worn)
 k - a +2 cloak (worn)
 m - a +0 shield of reflection (worn)
 u - a +1 cloak
 H - a +2 robe of magic resistance
Jewellery
 h - an uncursed ring of fire
 n - a ring of poison resistance (left claw)
 o - a ring of fire (right claw)
 p - an amulet of magic regeneration (around neck)
Wands
 f - a wand of iceblast (30)
 j - a wand of flame (63)
 t - a wand of polymorph (15)
Scrolls
 l - 6 scrolls of remove curse {@r2}
 q - a scroll of enchant weapon {unknown}
 r - a scroll of blinking
 v - a scroll of teleportation
 y - a scroll of magic mapping
 D - a scroll of fear {unknown}
 E - a scroll of amnesia {unknown}
 G - 2 scrolls of immolation
Potions
 g - 2 potions of ambrosia {unknown}
 i - a potion of magic {unknown}
 s - 2 potions of agility
 x - 3 potions of heal wounds
 z - a potion of brilliance {unknown}
 A - a potion of berserk rage {unknown}
 B - 3 potions of degeneration {unknown}
Comestibles
 d - 24 rations


   Skills:
 + Level 5.6(4.0) Fighting
 - Level 2.4(0.9) Dodging
 - Level 9.0(7.2) Shields
 + Level 13.7(11.7) Unarmed Combat
 - Level 7.1(5.4) Invocations


You had 11 spell levels left.
You didn't know any spells.
Your spell library contained the following spells:

 Spells                   Type           Power        Failure   Level  Hunger
 Confusing Touch          Hex            #.....       26%         1    ##.....
 Confuse                  Hex            #.......     61%         3    ####...
 Gell's Gravitas          Tloc           #.........   61%         3    ####...
 Petrify                  Tmut/Erth      #.......     95%         4    #####..
 Summon Lightning Spire   Summ/Air       #.......     95%         4    #####..
 Metabolic Englaciation   Hex/Ice        #.........   100%        5    ######.
 Silence                  Hex/Air        #.........   100%        5    ######.
 Yara's Violent Unravell  Hex/Tmut       #.........   100%        5    ######.
 Conjure Ball Lightning   Conj/Air       #.........   100%        6    #######
 Deflect Missiles         Chrm/Air       #.........   100%        6    #######
 Tornado                  Air            #.........   100%        9    #######


Dungeon Overview and Level Annotations

Branches:
Dungeon (10/15)            Temple (0/1) D:7             Orc (2/2) D:9
    Elf (0/3) Orc:2
   Lair: D:8-11

Altars:
Ashenzari
Cheibriados
Dithmenos
Hepliaklqana
Kikubaaqudgha
Qazlal
Sif Muna
Beogh

Shops:
D:10 *   Orc:1 !   Orc:2 =*


Innate Abilities, Weirdness & Mutations

You are too large for most types of armour.
You have claws for hands.
Your metabolism is lightning-fast.
You like to eat raw meat.
Your natural rate of healing is unusually fast.
You are covered in fur. (AC +1)
You have very tough skin. (AC +2)


Message History

The orc warrior no longer looks unusually strong.
The orc knight hits you with a great sword of draining!
* * * LOW HITPOINT WARNING * * *
You feel drained.
* * * LOW HITPOINT WARNING * * *
The orc knight roars a battlecry!
The orcs go into a battle-frenzy!
You hear a shout! x2
You feel much better.
You hear a shout!
The orc knight hits you with a great sword of draining!!
You feel drained.
* * * LOW HITPOINT WARNING * * *
As you read the scroll of teleportation, it crumbles to dust.
You feel strangely unstable.
You feel sick.
The orc knight hits you with a great sword of draining!!
* * * LOW HITPOINT WARNING * * *
You feel drained.
You die...

..........##.#####. #
..........##.# ##
..........##.# #.
..........##.## ##
......)...##..# ## # . #.
.........>###.## .##.#.∩
## ....)[....# #..##
......# .....)....#
##..##)o...# ..........#
##.@oo# ..........# ######
..........###############
........................##
.......).................#
........................#
........................#
..................#....##
#
....................#..##
#


You could see an orc knight, an orc warrior and an orc wizard.

Vanquished Creatures
  Donald (Orc:2)
  Josephine (Orc:2)
  Urug (Orc:2)
  An orc high priest (Orc:2)
  2 orc sorcerers (Orc:2)
  Maurice (Orc:1)
  Joseph (D:8)
  Psyche (D:10)
  A gargoyle (D:10)
  4 trolls
  4 hippogriffs
  7 wraiths
  10 yaks
  A warg (Orc:1)
  A hornet zombie (D:6)
  15 orc warriors
  3 ice beasts
  4 sky beasts
  A phantom (D:9)
  8 ogres
  5 centaurs
  3 big kobolds
  5 bullfrogs
  An elf skeleton (D:8)
  A scorpion (D:8)
  A wyvern skeleton (D:10)
  11 killer bees (D:10)
  4 wights (D:8)
  7 howler monkeys
  3 crimson imps
  2 centaur zombies
  3 human zombies (D:8)
  A quasit (D:10)
  A bullfrog zombie (D:6)
  A hound (D:8)
  17 orc priests
  4 jellies
  Crazy Yiuf (D:4)
  A gnoll shaman (D:6)
  2 human skeletons (D:8)
  18 orc wizards
  A centaur skeleton (D:9)
  4 worker ants
  A hound zombie (D:7)
  A mummy (D:8)
  A worker ant zombie (D:5)
  9 gnolls
  6 adders
  2 adder skeletons
  4 leopard geckos
  54 orcs
  2 bats (D:2)
  2 giant cockroaches
  3 hobgoblins
  15 jackals
  9 kobolds
  4 quokkas
  A frilled lizard (D:4)
  2 leopard gecko skeletons
  An orc zombie (D:8)
  A rat (D:3)
  A fungus (D:4)
284 creatures vanquished.

Notes
Turn   | Place    | Note
-------+----------+-------------------------------------------
     0 | D:1      | iamserjio the Troll Fighter began the quest for the Orb.
     0 | D:1      | Reached XP level 1. HP: 22/22 MP: 0/0
    74 | D:2      | Reached XP level 2. HP: 13/29 MP: 1/1
   177 | D:3      | Reached skill level 3 in Unarmed Combat
   177 | D:3      | Reached XP level 3. HP: 32/36 MP: 2/2
   265 | D:4      | Found a runed door.
   269 | D:4      | Noticed Crazy Yiuf
   273 | D:4      | Killed Crazy Yiuf
   273 | D:4      | Reached XP level 4. HP: 44/44 MP: 3/3
   320 | D:5      | Entered Level 5 of the Dungeon
   320 | D:5      | Noticed an ice beast
   334 | D:5      | Killed an ice beast
   334 | D:5      | Reached skill level 4 in Unarmed Combat
   334 | D:5      | Reached XP level 5. HP: 42/50 MP: 4/4
   383 | D:5      | Reached skill level 5 in Unarmed Combat
   390 | D:5      | Found Unetre's Weapon Boutique.
   407 | D:5      | Noticed an ogre
   411 | D:5      | Killed an ogre
   411 | D:5      | Reached XP level 6. HP: 59/59 MP: 5/5
   690 | D:5      | Found a stormy altar of Qazlal.
   690 | D:5      | Found a hazy altar of Hepliaklqana.
   691 | D:5      | Found a shadowy altar of Dithmenos.
   774 | D:6      | Reached skill level 6 in Unarmed Combat
   797 | D:6      | Reached XP level 7. HP: 64/66 MP: 6/6
   824 | D:7      | Found a shattered altar of Ashenzari.
   873 | D:7      | Noticed a hippogriff
   881 | D:7      | Killed a hippogriff
   881 | D:7      | Reached skill level 7 in Unarmed Combat
   902 | D:7      | Found a snail-covered altar of Cheibriados.
   902 | D:7      | Found a deep blue altar of Sif Muna.
   902 | D:7      | Noticed a hippogriff
   909 | D:7      | Killed a hippogriff
   909 | D:7      | Reached skill level 5 in Shields
   909 | D:7      | Reached XP level 8. HP: 23/74 MP: 7/7
   919 | D:7      | Became a worshipper of Cheibriados the Contemplative
   948 | D:7      | Found a stormy altar of Qazlal.
   978 | D:7      | Reached skill level 8 in Unarmed Combat
   995 | D:7      | Found a staircase to the Ecumenical Temple.
  1011 | D:6      | Noticed a hippogriff
  1020 | D:6      | Killed a hippogriff
  1106 | D:6      | Reached skill level 9 in Unarmed Combat
  1123 | D:6      | Reached * piety under Cheibriados
  1285 | D:6      | Reached XP level 9. HP: 78/80 MP: 8/8
  1360 | D:8      | Reached skill level 10 in Unarmed Combat
  1426 | D:7      | Reached ** piety under Cheibriados
  1465 | D:8      | Noticed Joseph
  1475 | D:8      | Killed Joseph
  1555 | D:8      | Reached skill level 11 in Unarmed Combat
  1596 | D:8      | Found an ancient bone altar of Kikubaaqudgha.
  1600 | D:8      | Reached *** piety under Cheibriados
  1620 | D:8      | Reached XP level 10. HP: 88/88 MP: 9/9
  1703 | D:9      | Reached skill level 12 in Unarmed Combat
  1994 | D:9      | Reached **** piety under Cheibriados
  2052 | D:9      | Found a staircase to the Orcish Mines.
  2116 | D:9      | Found a roughly hewn altar of Beogh.
  2147 | Orc:1    | Entered Level 1 of the Orcish Mines
  2151 | Orc:1    | Noticed an orc knight
  2195 | D:9      | Reached skill level 1 in Invocations
  2246 | D:10     | Entered Level 10 of the Dungeon
  2337 | D:10     | Noticed Psyche
  2341 | D:10     | Killed Psyche
  2341 | D:10     | Reached ***** piety under Cheibriados
  2469 | D:10     | Reached XP level 11. HP: 76/97 MP: 12/12
  2660 | D:10     | Found Reixkie's Demolitions Depot.
  2672 | D:10     | Bought 4 exploding large rocks for 56 gold pieces
  2672 | D:10     | Bought 2 scrolls of immolation for 70 gold pieces
  2745 | D:9      | Reached skill level 13 in Unarmed Combat
  2810 | Orc:1    | Found Pasche's Distillery.
  2828 | Orc:1    | Bought a potion of heal wounds for 65 gold pieces
  2828 | Orc:1    | Bought a potion of heal wounds for 65 gold pieces
  2832 | Orc:1    | Found a roughly hewn altar of Beogh.
  2969 | Orc:1    | Noticed Maurice
  2991 | Orc:1    | Killed Maurice
  3066 | Orc:2    | Entered Level 2 of the Orcish Mines
  3097 | Orc:2    | Noticed Donald
  3111 | Orc:2    | Killed Donald
  3111 | Orc:2    | Reached skill level 5 in Invocations
  3173 | Orc:2    | Noticed Josephine
  3187 | Orc:2    | Reached ****** piety under Cheibriados
  3243 | Orc:2    | Found a staircase to the Elven Halls.
  3285 | Orc:2    | Found a roughly hewn altar of Beogh.
  3285 | Orc:2    | Noticed an orc high priest
  3286 | Orc:2    | Noticed Urug
  3292 | Orc:2    | Killed Urug
  3421 | Orc:2    | Killed Josephine
  3421 | Orc:2    | Reached skill level 5 in Fighting
  3428 | Orc:2    | Noticed a sixfirhy
  3434 | Orc:2    | Killed an orc high priest
  3434 | Orc:2    | Reached XP level 12. HP: 84/111 MP: 11/16
  3502 | Orc:2    | Found Xegg's Jewellery Shop.
  3569 | Orc:2    | Found Curo's General Store.
  3591 | Orc:2    | HP: 3/111 [orc knight/great sword of draining (28)]
  3591 | Orc:2    | Slain by an orc knight

Skill      XL: |  1  2  3  4  5  6  7  8  9 10 11 |
---------------+----------------------------------+-----
Unarmed Combat | 3 4 5 6 7 9 11 12 13 | 13.7
Shields        | 3 4 5 6 7 8 9 |  9.0
Invocations    | 3 7 |  7.1
Fighting       | 3 5 |  5.6
Dodging        | |  2.4

Action                   |  1- 3 |  4- 6 |  7- 9 | 10-12 || total
-------------------------+-------+-------+-------+-------++-------
Melee: Unarmed           |    81 |   105 |   230 |   443 ||   859
Invok: Slouch            |       |       |       |     2 ||     2
       Bend Time         |       |       |       |     1 ||     1
Evoke: Wand              |       |       |       |     3 ||     3
  Use: Scroll            |       |     2 |     4 |     3 ||     9
       Potion            |       |       |     1 |     4 ||     5
 Stab: Distracted        |       |       |     3 |       ||     3
  Eat: Chunk             |       |     7 |    10 |    13 ||    30
Armor: Robe              |    31 |    37 |    56 |    25 ||   149
       Troll leather arm |       |       |       |    66 ||    66
Dodge: Dodged            |    34 |    20 |    50 |   152 ||   256
Block: Shield            |    55 |    49 |   109 |   265 ||   478
